Map: Ulrena

Players

Frozzen - Winner!

  • Race: Zerg Zerg
  • League: Diamond

Zalot

  • Race: Protoss Protoss
  • League: Gold

VOD

Have the link to the VOD?

Description

Time

  • Played on: Nov. 20, 2015, 12:09 p.m.
  • Length: 3:05
Show
View Real Time Build Order
Export as new Build Order

Frozzen Zerg - Winner!

Build Orders: Pool First 

Get SALT Encoding   

  12  0:01  Drone  
  13  0:08  Drone  
  13  0:13  Extractor  
  13  0:15  Drone  
  14  0:33  Spawning Pool  
  13  0:37  Drone  
  14  0:48  Drone, Extractor  
  15  0:53  Overlord  
  15  1:19  Queen  
  15  1:20  Metabolic Boost  
  15  1:21  Zergling x2  
  15  1:23  Zergling x2  
  19  1:27  Zergling x2  
  21  1:32  Zergling x2  
  21  1:43  Zergling x2  
  22  1:59  Hatchery  
  20  2:03  Overlord  
  19  2:18  Zergling x4  
Show
View Real Time Build Order
Export as new Build Order

Zalot Protoss 

Build Orders:  

Get SALT Encoding   

  12  0:01  Probe (Chrono Boost)  
  13  0:12  Probe (Chrono Boost)  
  14  0:23  Pylon  
  14  0:26  Probe (Chrono Boost)  
  15  0:41  Probe (Chrono Boost)  
  15  0:42  Gateway  
  16  0:52  Probe (Chrono Boost), Assimilator  
  17  1:09  Pylon  
  17  1:10  Probe (Chrono Boost)  
  18  1:17  Assimilator  
  18  1:21  Probe (Chrono Boost)  
  19  1:28  Zealot (Chrono Boost)  
  21  1:36  Cybernetics Core  
  21  1:41  Probe, Pylon  
  22  1:53  Probe, Zealot (Chrono Boost)  
Tags
 
Matchup
PvZ
Opening
Pool First
Replay Pack
21-11-15
Add a new tag
Caveats
  • Supply blocks, unpowered buildings, or Contaminate may cause inaccurate times.
  • Supply counts are checked every 10 seconds.